 Dungeon Crawl Stone Soup version 0.26-a0-21-gf97e55dc39 (webtiles) character file.

Game seed: 17077224452895500403, levelgen mode: deterministic

333 Mrkan the Skirmisher (level 6, -2/52 HPs)
             Began as a Draconian Wizard on May 25, 2020.
             Killed from afar by Pikel (7 damage)
             ... with a puff of flame
             ... on level 4 of the Dungeon.
             The game lasted 00:09:18 (4680 turns).

Mrkan the Skirmisher (Draconian Wizard)             Turns: 4680, Time: 00:09:18

Health: -2/52      AC:  6    Str: 10    XL:     6   Next: 27%
Magic:  5/10       EV: 12    Int: 19    God:
Gold:   272        SH:  0    Dex: 10    Spells: 5/11 levels left

rFire    . . .     SeeInvis .   w - +1 whip (elec)
rCold    . . .     Gourm    .   (no shield)
rNeg     . . .     Faith    .   (armour unavailable)
rPois    .         Spirit   .   a - +0 hat
rElec    .         Reflect  .   (no cloak)
rCorr    .         Harm     .   (no gloves)
MR       .....                  (no boots)
Stlth    ++........             (no amulet)
HPRegen  0.17/turn              (no ring)
MPRegen  0.12/turn              (no ring)

@: no status effects
A: unfitting armour, cold-blooded, AC +6
a: no special abilities


You were on level 4 of the Dungeon.
You were not hungry.

You visited 1 branch of the dungeon, and saw 4 of its levels.

You collected 272 gold pieces.

Inventory:

Hand Weapons
 u - a +0 long sword of holy wrath
 w - a +1 whip of electrocution (weapon)
Missiles
 x - 5 boomerangs (quivered)
Armour
 a - a +0 hat (worn)
Jewellery
 m - a cursed ring of teleportation {unknown}
 r - a +4 ring of evasion {unknown}
Scrolls
 b - a scroll of random uselessness {unknown}
 d - 2 scrolls of teleportation
 e - 3 scrolls of remove curse
 f - a scroll of enchant weapon {unknown}
 g - 3 scrolls of identify
 i - a scroll of fear {unknown}
 n - a scroll of enchant armour {unknown}
 o - a scroll of amnesia {unknown}
 p - a scroll of blinking {unknown}
 v - a scroll of magic mapping {unknown}
 y - a scroll of fog {unknown}
Potions
 h - a potion of resistance {unknown}
 j - a potion of mutation {unknown}
 k - 2 potions of flight {unknown}
 l - 2 potions of curing {unknown}
 q - a potion of brilliance {unknown}
 t - a potion of cancellation {unknown}
Comestibles
 c - 7 rations
 s - 4 chunks of flesh


   Skills:
 - Level 4.1 Fighting
 - Level 1.7 Dodging
 - Level 1.7 Stealth
 - Level 3.0 Spellcasting
 - Level 3.0 Conjurations
 - Level 3.0 Summonings
   Level 1.0 Translocations
 + Level 1.2 Air Magic
 - Level 2.0 Poison Magic


You had 5 spell levels left.
You knew the following spells:

 Your Spells              Type           Power        Failure   Level  Hunger
a - Magic Dart            Conj           ##..         4%          1    None
b - Call Imp              Summ           ##......     7%          2    ##.....
c - Mephitic Cloud        Conj/Pois/Air  ##......     21%         3    ###....

Your spell library contained the following spells:

 Spells                   Type           Power        Failure   Level  Hunger
 Blink                    Tloc           N/A          16%         2    ##.....
 Slow                     Hex            #.......     22%         2    ##.....
 Conjure Flame            Conj/Fire      #.......     24%         3    ###....


Dungeon Overview and Level Annotations

Branches:
Dungeon (4/15)
 Temple: D:4-7

Altars:
Fedhas

Annotations:
D:4 Pikel


Innate Abilities, Weirdness & Mutations

Your plain brown scales are hard. (AC +6)
You cannot fit into any form of body armour.
You are cold-blooded and may be slowed by cold attacks.


Message History

Pikel freezes you. Pikel barely misses you.
Pikel hits you with a +2 whip of freezing.
You feel as though you will be slow longer.
Pikel freezes you. Pikel barely misses you. Pikel hits you but does no damage.
Pikel hits you with a +2 whip of freezing!
* * * LOW HITPOINT WARNING * * *
You feel as though you will be slow longer.
Pikel freezes you.
* * * LOW HITPOINT WARNING * * *
Pikel closely misses you.
Pikel is no longer berserk.
Pikel zaps a wand.
The puff of flame hits you!
* * * LOW HITPOINT WARNING * * *
Pikel zaps a wand.
The puff of flame hits you but does no damage.
Pikel zaps a wand.
The puff of flame hits you but does no damage.
You feel yourself speed up.
Pikel zaps a wand.
The puff of flame hits you!
You die...

#.# #.####..# #.#
#.# #..# #.####.#
#..# #......#
#..# #.######
#..# #
###.#########..#
.#####...........
..# #.
...##.##########
. #? ##.##@# ..
#.#####...#.# ..
#...........#
###.#.>####...###
....... ##K##
.......#####p#
#.ppp.p.#
#.####### #.


You could see Pikel (slow) and 2 slaves.

Vanquished Creatures
  An orc wizard (D:3)
  Natasha (D:2)
  2 worker ants (D:4)
  Robin (D:3)
  A gnoll (D:4)
  3 adders
  2 oozes (D:2)
  A worm (D:4)
  2 dart slugs
  4 leopard geckos
  8 orcs
  A ball python (D:2)
  5 giant cockroaches
  12 goblins
  9 hobgoblins
  4 kobolds
  A quokka (D:3)
  14 bats
  5 frilled lizards
  7 rats
84 creatures vanquished.

Vanquished Creatures (collateral kills)
  Natasha (twice) (D:2)
  A worker ant (D:4)
  3 gnolls (D:4)
  A worm (D:2)
  2 leopard geckos
  2 orcs (D:3)
  A bat (D:3)
  3 goblins (D:3)
  A hobgoblin (D:2)
  2 jackals (D:3)
  A rat (D:2)
19 creatures vanquished.

Vanquished Creatures (others)
  An orc (D:3)
1 creature vanquished.

Grand Total: 104 creatures vanquished

Notes
Turn   | Place    | Note
-------+----------+-------------------------------------------
     0 | D:1      | Mrkan the Draconian Wizard began the quest for the Orb.
     0 | D:1      | Reached XP level 1. HP: 14/14 MP: 4/4
   276 | D:1      | Reached XP level 2. HP: 20/20 MP: 3/6
   833 | D:1      | Learned a level 2 spell: Call Imp
  1136 | D:2      | Reached XP level 3. HP: 19/26 MP: 5/7
  1254 | D:2      | Found a faded altar of an unknown god.
  2188 | D:2      | Noticed Natasha
  2214 | D:2      | Killed Natasha
  2214 | D:2      | Reached XP level 4. HP: 19/33 MP: 1/8
  2489 | D:2      | Noticed Natasha
  2495 | D:2      | Killed Natasha
  2757 | D:3      | Reached skill level 1 in Fighting
  3044 | D:2      | Reached skill level 2 in Fighting
  3142 | D:3      | Reached XP level 5. HP: 36/42 MP: 9/9
  3527 | D:3      | Reached skill level 3 in Fighting
  3732 | D:3      | Noticed Robin
  3880 | D:2      | Noticed Natasha
  3901 | D:2      | Killed Natasha
  4132 | D:3      | Killed Robin
  4132 | D:3      | Reached skill level 4 in Fighting
  4214 | D:3      | Learned a level 3 spell: Mephitic Cloud
  4549 | D:4      | Found a blossoming altar of Fedhas.
  4555 | D:4      | Reached skill level 1 in Poison Magic
  4582 | D:4      | Reached XP level 6. HP: 52/52 MP: 10/10
  4632 | D:4      | Noticed Pikel
  4632 | D:4      | Noticed a slave
  4634 | D:4      | Noticed a slave
  4642 | D:4      | Noticed a slave
  4659 | D:4      | Reached skill level 1 in Air Magic
  4660 | D:4      | Noticed a slave
  4680 | D:4      | Killed from afar by Pikel

Illustrated notes

Levels and vault maps discovered:
D:1:      dpeg_arrival_rooms_b, layout_loops_ring
D:2:      layout_loops_ring, chequers_ecumenical_altar_simple,
          minmay_fountain_box, uniq_natasha
D:3:      layout_basic, first_ration, uniq_robin
D:4:      black_bear_nest_2, layout_loops_ring, nicolae_overflow_crystal_walls,
          kennysheep_little_box, minmay_temple_entry_statues_fountains,
          uniq_pikel

Skill      XL: |  1  2  3  4  5  6 |
---------------+-------------------+-----
Conjurations   | 2 3 |  3.0
Summonings     | 2 3 |  3.0
Fighting       | 2 4 |  4.1
Poison Magic   | 1 2 |  2.0
Air Magic      | 1 |  1.2
Dodging        | |  1.7
Stealth        | |  1.7
Spellcasting   | |  3.0
Translocations | |  1.0

Action                   |  1- 3 |  4- 6 || total
-------------------------+-------+-------++-------
Melee: Unarmed           |    20 |       ||    20
       Tailslap          |     5 |    10 ||    15
       Club              |    18 |    16 ||    34
       Hand axe          |       |    82 ||    82
       Whip              |       |    58 ||    58
 Cast: Magic Dart        |    86 |    34 ||   120
       Call Imp          |     3 |    25 ||    28
  Use: Scroll            |     3 |       ||     3
 Stab: Distracted        |     1 |       ||     1
       Sleeping          |       |     3 ||     3
  Eat: Chunk             |     3 |    10 ||    13
Armor: Skin              |    11 |    79 ||    90
Dodge: Dodged            |    34 |   157 ||   191

Table legend:
 A = Non-vault XP
 B = Vault XP
 C = Vault XP percentage of total XP
 D = Non-vault monster count
 E = Vault monster count
 F = Vault count percentage of total count
                 A         B        C        D         E       F
            +---------+---------+-------+---------+---------+-------
      Total |     414 |      63 |  13.2 |      90 |      13 |  12.6
            +---------+---------+-------+---------+---------+-------
        D:1 |      32 |       0 |   0.0 |      18 |       0 |   0.0
        D:2 |     128 |      29 |  18.5 |      29 |       2 |   6.5
        D:3 |     112 |      34 |  23.3 |      33 |      11 |  25.0
        D:4 |     142 |       0 |   0.0 |      10 |       0 |   0.0
            +---------+---------+-------+---------+---------+-------
